Map: 2000 Atmospheres LE

Players

TriGGeR - Winner!

  • Race: Protoss Protoss

Epic

  • Race: Terran Terran

Event: DreamHack SC2 Masters 2021 Fall

VOD

Have the link to the VOD?

Description

Time

  • Played on: Aug. 7, 2021, 3:31 p.m.
  • Length: 9:11

All games in this series

Show
View Real Time Build Order
Export as new Build Order

TriGGeR Protoss - Winner!

Build Orders: 1 Gate Expand, Phoenix Opening 

Get SALT Encoding   

  12  0:00  Probe  
  13  0:12  Probe  
  14  0:17  Pylon  
  14  0:24  Probe (Chrono Boost)  
  16  0:35  Gateway  
  16  0:36  Probe (Chrono Boost)  
  16  0:43  Probe (Chrono Boost)  
  16  0:45  Assimilator  
  17  0:51  Probe  
  18  1:03  Probe  
  19  1:15  Probe  
  20  1:22  Nexus  
  20  1:27  Probe  
  21  1:35  Cybernetics Core  
  21  1:43  Probe  
  21  1:44  Assimilator  
  22  1:52  Pylon  
  22  1:55  Probe  
  23  2:08  Adept (Chrono Boost)  
  23  2:10  Probe  
  26  2:17  Stargate  
  26  2:22  Probe  
  27  2:26  Warp Gate  
  27  2:34  Adept  
  27  2:36  Probe (Chrono Boost)  
  31  2:42  Probe (Chrono Boost)  
  31  2:46  Probe (Chrono Boost)  
  31  2:49  Probe (Chrono Boost)  
  31  2:51  Probe (Chrono Boost)  
  34  2:59  Phoenix (Chrono Boost)  
  34  3:01  Probe  
  34  3:04  Probe  
  34  3:05  Pylon  
  38  3:13  Probe  
  38  3:15  Phoenix (Chrono Boost)  
  38  3:18  Probe  
  42  3:25  Probe  
  43  3:27  Gateway  
  43  3:32  Probe  
  43  3:33  Twilight Council  
  44  3:38  Assimilator  
  44  3:39  Probe  
  45  3:44  Probe  
  46  3:49  Phoenix (Chrono Boost)  
  46  3:51  Probe  
  49  3:56  Probe  
  49  3:58  Pylon  
  50  4:03  Probe  
  50  4:08  Nexus  
  51  4:11  Phoenix  
  51  4:15  Probe  
  51  4:16  Probe  
  55  4:19  Charge (Chrono Boost)  
  55  4:21  Pylon  
  55  4:26  Zealot  
  55  4:28  Zealot  
  59  4:33  Gateway  
  59  4:36  Probe x2  
  61  4:41  Phoenix  
  63  4:48  Probe  
  63  4:51  Pylon, Probe  
  65  4:58  Zealot x2  
  69  5:00  Probe  
  69  5:04  Pylon  
  70  5:09  Phoenix, Probe  
  70  5:10  Assimilator  
  70  5:12  Probe  
  74  5:21  Probe  
  74  5:23  Probe (Chrono Boost)  
  74  5:26  Zealot x2  
  81  5:29  Zealot  
  81  5:30  Probe (Chrono Boost)  
  81  5:35  Robotics Facility, Probe (Chrono Boost)  
  85  5:39  Probe (Chrono Boost)  
  85  5:41  Phoenix  
  88  5:43  Probe (Chrono Boost)  
  88  5:44  Probe (Chrono Boost)  
  88  5:45  Pylon  
  88  5:49  Zealot x3  
  95  5:54  Probe x2  
  97  6:02  Probe  
  98  6:09  Probe  
  99  6:11  Probe  
  99  6:13  Assimilator  
  99  6:14  Assimilator, Probe  
  101  6:21  Probe  
  101  6:22  Forge  
  101  6:23  Phoenix, Probe  
  105  6:25  Gateway  
  105  6:27  Gateway, Robotics Bay  
  105  6:31  Gateway  
  105  6:33  Sentry x2  
  109  6:42  Pylon, Blink  
  109  6:46  Pylon x2  
  109  6:49  Pylon  
  109  6:58  Probe x2  
  109  7:00  Observer (Chrono Boost)  
  110  7:02  Probe  
  110  7:03  Protoss Ground Weapons Level 1 (Chrono Boost)  
  110  7:08  Colossus (Chrono Boost)  
  107  7:09  Zealot x3  
  107  7:12  Extended Thermal Lance (Chrono Boost)  
  107  7:15  Robotics Facility  
  119  7:27  Photon Cannon  
  119  7:28  Pylon  
  119  7:29  Photon Cannon  
  119  7:43  Photon Cannon  
  119  7:44  Nexus, Shield Battery, Probe  
  119  7:45  Probe  
  119  7:50  Gateway  
  121  7:51  Pylon  
  121  7:52  Gateway  
  127  7:59  Templar Archives, Colossus (Chrono Boost)  
  127  8:05  Colossus (Chrono Boost)  
  133  8:19  Stalker x5  
  143  8:30  Zealot  
  143  8:33  Pylon  
  145  8:36  Pylon  
  145  8:37  Shield Battery  
  145  8:38  Shield Battery x2  
  151  8:52  Zealot  
  151  8:53  Zealot x6  
  159  8:57  Zealot  
Show
View Real Time Build Order
Export as new Build Order

Epic Terran 

Build Orders: Reaper Expand 

Get SALT Encoding   

  12  0:00  SCV  
  13  0:12  SCV  
  14  0:16  Supply Depot  
  14  0:24  SCV  
  15  0:38  SCV  
  15  0:39  Barracks  
  16  0:43  Refinery  
  16  0:50  SCV  
  17  1:02  SCV  
  18  1:14  SCV  
  19  1:26  Orbital Command  
  19  1:27  Reaper  
  20  1:43  Command Center  
  20  1:50  Supply Depot  
  20  1:52  SCV  
  21  1:59  Marine  
  22  2:05  SCV  
  22  2:08  Factory  
  23  2:17  SCV  
  23  2:20  Bunker  
  23  2:21  Barracks Reactor  
  24  2:26  Refinery  
  24  2:29  SCV  
  25  2:41  SCV  
  26  2:52  Factory Tech Lab  
  26  2:54  Orbital Command  
  26  2:55  SCV  
  27  2:58  Marine x2  
  27  3:00  Starport  
  29  3:07  SCV  
  30  3:16  Marine x2  
  32  3:20  Cyclone  
  32  3:22  SCV x2  
  36  3:27  Supply Depot  
  36  3:34  SCV x2  
  38  3:36  Viking  
  38  3:37  Marine  
  38  3:38  Marine  
  42  3:46  SCV x2  
  44  3:58  Command Center  
  44  4:02  SCV x2  
  45  4:14  Barracks  
  45  4:15  SCV  
  45  4:16  SCV  
  47  4:17  Barracks  
  47  4:18  Barracks Tech Lab  
  47  4:24  Starport Reactor  
  50  4:29  SCV x2  
  50  4:30  Supply Depot, Siege Tank  
  52  4:38  Marine, Stimpack  
  53  4:41  SCV, Engineering Bay  
  53  4:43  Refinery  
  54  4:47  Supply Depot  
  54  4:52  SCV  
  55  4:53  SCV  
  55  4:54  Supply Depot  
  56  5:04  Marine x3  
  59  5:08  SCV x2  
  59  5:09  Supply Depot, Starport Reactor  
  59  5:12  Marine, Orbital Command  
  59  5:13  Marine  
  63  5:15  Factory Tech Lab  
  63  5:17  Terran Infantry Weapons Level 1  
  63  5:22  SCV x2  
  63  5:24  Marine x3  
  67  5:29  Supply Depot  
  67  5:31  Marine  
  67  5:32  Marine  
  67  5:35  Orbital Command  
  69  5:37  SCV x2  
  69  5:41  Siege Tank  
  69  5:42  Refinery  
  74  5:43  Marine  
  74  5:44  Marine  
  74  5:46  Missile Turret  
  74  5:48  Missile Turret  
  76  5:50  Medivac  
  76  5:51  Medivac  
  76  5:55  SCV x2  
  82  6:01  Marine x2, SCV  
  82  6:02  Marine  
  82  6:03  Marine  
  87  6:05  Orbital Command  
  87  6:10  Marauder  
  76  6:18  Supply Depot  
  70  6:19  SCV x2  
  70  6:20  Combat Shield  
  70  6:24  Marine x4  
  76  6:30  Marine  
  76  6:33  Medivac x2  
  76  6:35  Supply Depot  
  80  6:45  SCV  
  80  6:46  SCV  
  83  6:49  Factory Reactor  
  83  6:50  Marine x4  
  83  6:52  Marine, Barracks x2  
  83  7:02  SCV x2  
  83  7:05  Medivac x2  
  76  7:11  Marine x2  
  76  7:12  Marine x2, Marauder  
  76  7:15  Terran Infantry Armor Level 1, SCV x2  
  84  7:27  Widow Mine x2  
  88  7:32  Marine x4  
  88  7:33  Supply Depot, Marauder  
  88  7:34  Supply Depot  
  88  7:36  Medivac x2  
  98  7:40  Concussive Shells, Marauder  
  98  7:41  Marauder  
  102  7:48  Supply Depot  
  102  7:49  Supply Depot, Widow Mine x2  
  106  7:52  Marine x4  
  106  7:55  Marauder  
  112  8:01  Marauder  
  112  8:04  Marauder  
  116  8:09  Marine  
  116  8:10  Marine x2  
  119  8:13  Marine  
  119  8:16  Marauder  
  119  8:18  Widow Mine  
  124  8:21  Widow Mine  
  124  8:22  Marauder  
  124  8:24  Marine  
  124  8:26  Medivac  
  129  8:27  Marine x3  
  129  8:31  Marine  
  133  8:37  Marine  
  133  8:40  Widow Mine  
  136  8:42  Marine  
  136  8:43  Marine  
  136  8:45  Marine x3  
  140  8:49  Marine  

Tags
 
Add a new tag
Caveats
  • Supply blocks, unpowered buildings, or Contaminate may cause inaccurate times.
  • Supply counts are checked every 10 seconds.